 Dungeon Crawl Stone Soup version 0.24-a0-290-gbb66a672fa (webtiles) character file.

Game seed: 5144873439960552586

23 Redear the Skirmisher (level 2, -11/24 HPs)
             Began as a Demonspawn Chaos Knight on May 8, 2019.
             Was a Plaything of Xom.
             Mangled by Sigmund
             ... wielding a +0 scythe
              (13 damage)
             ... on level 2 of the Dungeon.
             The game lasted 00:02:01 (997 turns).

Redear the Skirmisher (Demonspawn Chaos Knight)      Turns: 997, Time: 00:02:01

Health: -11/24     AC:  6    Str: 14 (17) XL:     2   Next: 72%
Magic:  2/2        EV: 11    Int: 11 (13) God:    Xom [..*...]
Gold:   26         SH:  0    Dex:  9 (12) Spells: 1/1 levels left

rFire    . . .     SeeInvis .     - Unarmed
rCold    . . .     Gourm    .   (no shield)
rNeg     . . .     Faith    .   a - +2 leather armour
rPois    .         Spirit   .   (helmet restricted)
rElec    .         Reflect  .   (no cloak)
rCorr    .         Harm     .   (no gloves)
MR       .....                  (no boots)
Stlth    +.........             (no amulet)
HPRegen  0.48/turn              (no ring)
MPRegen  0.08/turn              (no ring)

@: mighty
A: antennae 1, regeneration 1, shaggy fur 1
a: Renounce Religion


You were on level 2 of the Dungeon.
You worshipped Xom.
You were a toy of Xom.
You were not hungry.

You visited 1 branch of the dungeon, and saw 2 of its levels.

You collected 26 gold pieces.

Inventory:

Armour
 a - a +2 leather armour (worn)
Scrolls
 b - a scroll of enchant armour {unknown}
 e - a scroll of amnesia {unknown}
 g - a scroll of teleportation {unknown}
 i - 3 scrolls of identify {unknown}
 j - a scroll of random uselessness {unknown}
Potions
 f - a potion of might {Str+5 DMG+1d10 | @q3}
Comestibles
 z - 2 rations


   Skills:
 + Level 3.2 Fighting
 + Level 2.1 Armour
 + Level 1.3 Dodging
 + Level 3.0 Unarmed Combat


You had one spell level left.
You didn't know any spells.
Your spell library was empty.

Dungeon Overview and Level Annotations

Branches:
Dungeon (2/15)

Altars:

Annotations:
D:2 Sigmund


Innate Abilities, Weirdness & Mutations

You have a pair of small antennae on your head.
Your natural rate of healing is unusually fast.
You are covered in fur. (AC +1)


Message History

It was a potion of might.
You feel very mighty all of a sudden.
Xom is highly amused!
It was a potion of mutation.
You feel extremely strange. Fur sprouts all over your body.
You begin to heal more quickly.
Sigmund hits you with a +0 scythe.
* * * LOW HITPOINT WARNING * * *
You take 2 damage, and have 1/24 hp.
You hit Sigmund.
Sigmund is moderately wounded.
Sigmund barely misses you.
It was a potion of degeneration.
There was something very wrong with that liquid.
You feel weakened.
You feel dopey.
You feel clumsy.
Xom thinks this is hilarious!
It was a potion of magic.
Magic courses through your body. Sigmund hits you with a +0 scythe!
Ouch! That really hurt!
You die...
Xom snickers!

.# #.. .. #.. .. #.. ..
#.# .. #.# ..###.####
........)#
##.##.##.##############.
#.##.##........@@......
#..#.################..
##.#.........
#.#.######## #...#
####..#### .........#
####.>##.# .......#.#


You could see Sigmund.

Vanquished Creatures
  An adder (D:2)
  2 giant cockroaches (D:1)
  A goblin (D:1)
  2 hobgoblins (D:1)
  2 kobolds (D:1)
  A bat (D:1)
  A frilled lizard (D:1)
  4 rats
14 creatures vanquished.

Notes
Turn   | Place    | Note
-------+----------+-------------------------------------------
     0 | D:1      | Redear the Demonspawn Chaos Knight began the quest for the
                  | Orb.
     0 | D:1      | Reached XP level 1. HP: 18/18 MP: 1/1
   241 | D:1      | XOM: harmless Hex miscast
   269 | D:1      | Reached skill level 1 in Dodging
   318 | D:1      | XOM: silly message
   387 | D:1      | XOM: divination: detect creatures
   420 | D:1      | Reached skill level 2 in Armour
   420 | D:1      | Gained mutation: You have a pair of small antennae on your
                  | head. [demonic ancestry]
   420 | D:1      | Reached XP level 2. HP: 24/24 MP: 2/2
   694 | D:1      | XOM: cloud trail
   947 | D:2      | Reached skill level 3 in Unarmed Combat
   983 | D:2      | Noticed Sigmund
   994 | D:2      | Gained mutation: You are covered in fur. (AC +1) [potion of
                  | mutation]
   994 | D:2      | Gained mutation: Your natural rate of healing is unusually
                  | fast. [potion of mutation]
   994 | D:2      | HP: 1/24 [Sigmund/+0 scythe (3)]
   997 | D:2      | Mangled by Sigmund

Levels and vault maps discovered:
D:1:      dpeg_arrival_snail, layout_basic
D:2:      layout_basic, chequers_ecumenical_altar_simple, uniq_natasha,
          uniq_sigmund

Skill      XL: |  1  2 |
---------------+-------+-----
Dodging        | 1 |  1.3
Armour         | 2 |  2.1
Unarmed Combat | 3 |  3.0
Fighting       | |  3.2

Action                   || total
-------------------------++-------
Melee: Unarmed           ||    52
       Punch             ||     1
  Use: Potion            ||     4
Armor: Leather armour    ||    22
Dodge: Dodged            ||    27

Table legend:
 A = Non-vault XP
 B = Vault XP
 C = Vault XP percentage of total XP
 D = Non-vault monster count
 E = Vault monster count
 F = Vault count percentage of total count
                 A         B        C        D         E       F
            +---------+---------+-------+---------+---------+-------
      Total |      33 |       0 |   0.0 |      14 |       0 |   0.0
            +---------+---------+-------+---------+---------+-------
        D:1 |      19 |       0 |   0.0 |      12 |       0 |   0.0
        D:2 |      14 |       0 |   0.0 |       2 |       0 |   0.0
            +---------+---------+-------+---------+---------+-------
